WASHINGTON Capitals vs PITTSBURGH Penguins (R4)

Created - 3 mars 2024 at 14:48

Goals
1 2 3 T
WASHINGTON Capitals 3 3 3 9
PITTSBURGH Penguins 0 3 0 3
Shots
1 2 3 T
WASHINGTON Capitals 21 12 4 37
PITTSBURGH Penguins 7 11 4 22

1st period

1. WASHINGTON Capitals , Casey Mittelstadt 8 (Ivan Barbashev 12, Carson Soucy 9) at 12:57
2. WASHINGTON Capitals , John Carlson 10 (Ryan Strome 7, Matt Duchene 15) at 17:54 (PP)
3. WASHINGTON Capitals , Pavel Buchnevich 17 (Matt Duchene 16) at 19:17

Penalties :
Brandon Carlo (PIT) for High sticking (Double Minor) at 0:17, Brandon Carlo (PIT) for Hooking (Minor) at 9:40, Ivan Barbashev (WSH) for Cross-checking (Minor) at 10:24, Carson Soucy (WSH) for Slashing (Minor) at 14:45, Thomas Chabot (PIT) for Tripping (Minor) at 17:36

2nd period

4. PITTSBURGH Penguins , Jordan Kyrou 15 (Jason Robertson 21, Evgeni Malkin 18) at 3:21
5. PITTSBURGH Penguins , Jason Robertson 15 (Jake Guentzel 16, Patrik Laine 16) at 12:45 (PP)
6. WASHINGTON Capitals , Brock Boeser 8 (Torey Krug 9, Pavel Buchnevich 17) at 13:17 (PP)
7. PITTSBURGH Penguins , Adam Pelech 6 (Barclay Goodrow 14, Patrik Laine 17) at 16:16 (PP)
8. WASHINGTON Capitals , Matt Duchene 15 (John Carlson 23, Pavel Buchnevich 18) at 17:41
9. WASHINGTON Capitals , Pavel Buchnevich 18 (Matt Duchene 17, Kevin Shattenkirk 20) at 18:29

Penalties :
Evgeni Malkin (PIT) for Hooking (Minor) at 3:34, Kevin Shattenkirk (WSH) for Roughing (Minor) at 12:25, Adam Pelech (PIT) for Cross-checking (Minor) at 13:09, Carson Soucy (WSH) for Hooking (Minor) at 15:15

3rd period

10. WASHINGTON Capitals , John Carlson 11 (Ryan Strome 8, Scott Wedgewood) at 6:25 (PP)
11. WASHINGTON Capitals , Mario Ferraro 6 (Sam Steel 1, Barrett Hayton 4) at 6:40
12. WASHINGTON Capitals , Pavel Buchnevich 19 (William Karlsson 32, John Carlson 24) at 8:21 (PP)

Penalties :
Evgeni Malkin (PIT) for Roughing (Minor) at 6:13, Jordan Staal (PIT) for Tripping (Minor) at 7:41, William Karlsson (WSH) for High sticking (Minor) at 10:02, Ivan Barbashev (WSH) for Roughing (Minor) at 15:10

Goalie Stats

Scott Wedgewood (WSH), 19 saves from 22 shots - (0,864), W, 11-14-1, 60:00 minutes
Cam Talbot (PIT), 25 saves from 31 shots - (0,806), L, 14-15-3, 38:29 minutes
Elvis Merzlikins (PIT), 3 saves from 6 shots - (0,500), 21:31 minutes

Players Stats for WASHINGTON Capitals

Player Name              G  A  P  +/- PIM S  H  SB GA TA FO     MP     PP MP  PK MP  
------------------------------------------------------------------------------------
Barrett Hayton           0  1  1   1  0   1  2  0  0  0  3/6     7:37   0:00   1:43 
Brock Boeser             1  0  1   0  0   1  3  0  0  0  0/0    16:57   3:55   0:00 
Carson Soucy             0  1  1   2  4   1  2  0  0  0  0/0    13:33   0:01   2:13 
Casey Mittelstadt        1  0  1   0  0   1  1  0  0  0  7/16   12:51   0:00   0:25 
Christian Dvorak         0  0  0   0  0   0  0  0  0  0  7/16   12:01   0:00   3:34 
Ian Cole                 0  0  0  -1  0   3  7  2  0  0  0/0    18:45   0:00   4:36 
Ivan Barbashev           0  1  1   0  4   4  4  1  0  0  0/1    19:31   3:25   3:41 
Jason Dickinson          0  0  0   0  0   0  1  0  0  0  1/3     9:52   0:00   1:25 
John Carlson             2  2  4   3  0   7  1  0  0  0  0/0    26:55   4:56   4:10 
Kevin Shattenkirk        0  1  1   3  2   1  0  1  0  0  0/0    22:44   4:56   0:00 
Mario Ferraro            1  0  1   2  0   2  0  0  0  0  0/0    19:03   3:04   3:59 
Matt Duchene             1  3  4   3  0   5  2  1  0  0  4/7    19:58   3:26   0:00 
Pavel Buchnevich         3  2  5   3  0   7  2  0  0  0  0/1    22:34   4:34   1:25 
Ross Colton              0  0  0   1  0   0  0  0  0  0  0/0     5:54   0:00   0:00 
Ryan Strome              0  2  2   0  0   0  0  0  0  0  0/2    12:32   4:05   0:00 
Sam Steel                0  1  1   1  0   1  0  0  0  0  0/0     5:54   0:00   0:00 
Torey Krug               0  1  1  -1  0   2  0  0  0  0  0/0    18:57   3:03   1:06 
William Karlsson         0  1  1   3  2   1  2  0  0  0  19/37  24:59   4:34   3:51 

Players Stats for PITTSBURGH Penguins

Player Name              G  A  P  +/- PIM S  H  SB GA TA FO     MP     PP MP  PK MP  
------------------------------------------------------------------------------------
Adam Pelech              1  0  1  -2  2   2  1  1  0  0  0/0    25:01   4:06   5:19 
Alexander Volkov         0  0  0  -1  0   0  2  0  0  0  0/0     8:01   0:00   0:32 
Barclay Goodrow          0  1  1  -2  0   3  2  0  0  0  11/26  18:15   4:16   3:14 
Brandon Carlo            0  0  0   0  6   0  6  0  0  0  0/0    17:18   0:00   1:38 
Connor Clifton           0  0  0  -2  0   0  1  2  0  0  0/0    17:15   0:00   2:02 
Evgeni Malkin            0  1  1  -1  4   1  4  0  0  0  22/35  21:45   3:46   3:49 
Gabriel Vilardi          0  0  0  -1  0   0  0  0  0  0  4/6     7:29   0:00   0:00 
Jake Guentzel            0  1  1   0  0   4  1  0  0  0  0/1    17:42   3:46   2:13 
Jason Robertson          1  1  2  -1  0   4  1  0  0  0  1/1    23:37   3:46   5:15 
Jesse Puljujarvi         0  0  0  -2  0   0  0  0  0  0  0/1     9:42   0:00   0:00 
Jordan Kyrou             1  0  1  -1  0   2  1  0  0  0  0/2    17:15   3:15   0:00 
Jordan Staal             0  0  0   0  2   2  1  0  0  0  7/12   11:31   0:00   0:00 
Nate Schmidt             0  0  0  -2  0   1  0  3  0  0  0/0    20:58   4:06   4:20 
Patrik Laine             0  2  2   0  0   1  0  0  0  0  3/5    17:54   4:57   0:57 
Robert Bortuzzo          0  0  0  -2  0   1  5  2  0  0  0/0    12:07   0:00   0:00 
Tanner Pearson           0  0  0  -2  0   0  0  0  0  0  0/0    13:58   4:16   0:00 
Thomas Chabot            0  0  0   0  2   1  1  0  0  0  0/0    23:21   3:56   2:41 
Yakov Trenin             0  0  0  -1  0   0  1  0  0  0  0/0     7:29   0:00   0:00 

3 Stars

1 - Pavel Buchnevich (WSH)
2 - John Carlson (WSH)
3 - Matt Duchene (WSH)

Power Play

WASHINGTON Capitals - 4 on 8 Attempt(s) - 50,00%
PITTSBURGH Penguins - 2 on 6 Attempt(s) - 33,33%

Penalty Kill

WASHINGTON Capitals - 4 on 6 Attempt(s) - 66,67% - Score 0 goal in Penalty Kill
PITTSBURGH Penguins - 4 on 8 Attempt(s) - 50,00% - Score 0 goal in Penalty Kill

Team Stat

WASHINGTON Capitals - Hits : 27 - Faceoff Wins : 41 - Blocked Shots : 5 - Penalty Minutes : 12
PITTSBURGH Penguins - Hits : 27 - Faceoff Wins : 48 - Blocked Shots : 8 - Penalty Minutes : 16

Official

Referees : Kevin Pollock and Chelsea Rapin
Linesman : Anna Hammar and Mark Shewchyk

Game Notes

Elvis Merzlikins enters game at 18:29 of 2nd period
Pavel Buchnevich has scored a Hat Trick!

Finance

Level 1 -- Attendance: 4662 (77,70%) -- Ticket Income $466,200
Level 2 -- Attendance: 4317 (86,34%) -- Ticket Income $259,020
Level 3 -- Attendance: 2000 (100,00%) -- Ticket Income $70,000
Level 4 -- Attendance: 4000 (100,00%) -- Ticket Income $80,000
Luxury Box -- Attendance: 770 (77,00%) -- Ticket Income $154,000
Game was played at the Consol Energy Center.
Total Attendance: 15749 (87,49%)
Total Ticket Income: $1,029,220
Other Income: $257,305
Total Income: $1,286,525

WASHINGTON Capitals

5 vs 5 Forward 
   Center                   Left Wing                Right Wing               Time % Phy DF OF 
 1 William Karlsson         Pavel Buchnevich         Matt Duchene             40     1   1  3  
 2 Casey Mittelstadt        Ivan Barbashev           Brock Boeser             30     1   2  2  
 3 Christian Dvorak         Jason Dickinson          Ryan Strome              20     1   2  2  
 4 Barrett Hayton           Ross Colton              Sam Steel                10     3   2  0  

5 vs 5 Defense 
   Defense                  Defense                                           Time % Phy DF OF 
 1 John Carlson             Kevin Shattenkirk                                 40     0   4  1  
 2 Ian Cole                 Torey Krug                                        30     0   4  1  
 3 Mario Ferraro            Carson Soucy                                      20     1   3  1  
 4 Torey Krug               John Carlson                                      10     0   4  1  

PowerPlay Forward 
   Center                   Left Wing                Right Wing               Time % Phy DF OF 
 1 William Karlsson         Pavel Buchnevich         Brock Boeser             60     1   0  4  
 2 Matt Duchene             Ivan Barbashev           Ryan Strome              40     1   0  4  

PowerPlay Defense
   Defense                  Defense                                           Time % Phy DF OF 
 1 John Carlson             Kevin Shattenkirk                                 70     0   1  4  
 2 Mario Ferraro            Torey Krug                                        30     0   1  4  

Penalty Kill 4 Players Forward 
   Center                   Wing                     Time % Phy DF OF 
 1 William Karlsson         Ivan Barbashev           60     1   4  0  
 2 Jason Dickinson          Pavel Buchnevich         40     1   4  0  

Penalty Kill 4 Players Defense
   Defense                  Defense                  Time % Phy DF OF 
 1 John Carlson             Ian Cole                 60     0   5  0  
 2 Mario Ferraro            Carson Soucy             40     0   5  0  

Penalty Kill - 3 Players Forward 
   Forward                                           Time % Phy DF OF 
 1 William Karlsson                                  60     0   5  0  
 2 Jason Dickinson                                   40     0   5  0  

Penalty Kill - 3 Players Defense
   Defense                  Defense                  Time % Phy DF OF 
 1 Ian Cole                 Mario Ferraro            60     0   5  0  
 2 John Carlson             Carson Soucy             40     0   5  0  

4 vs 4 Forward 
   Center                   Wing                     Time % Phy DF OF 
 1 William Karlsson         Pavel Buchnevich         60     1   2  2  
 2 Matt Duchene             Brock Boeser             40     1   2  2  

4 vs 4 Defense
   Defense                  Defense                  Time % Phy DF OF 
 1 John Carlson             Kevin Shattenkirk        60     1   2  2  
 2 Mario Ferraro            Torey Krug               40     1   2  2  

Last Minutes Offensive
   Center                   Left Wing                Right Wing               Defense                  Defense                  
   Matt Duchene             Pavel Buchnevich         Brock Boeser             John Carlson             Kevin Shattenkirk        

Last Minutes Defensive
   Center                   Left Wing                Right Wing               Defense                  Defense                  
   William Karlsson         Jason Dickinson          Pavel Buchnevich         John Carlson             Mario Ferraro            

Goaltenders
Starting : Scott Wedgewood          
Backup : Chris Driedger           

Extra Forwards
Normal : Pavel Buchnevich, Matt Duchene, William Karlsson - PP : William Karlsson, Brock Boeser - PK : Christian Dvorak
Extra Defensemen
Normal : Carson Soucy, Kevin Shattenkirk, Mario Ferraro - PP : John Carlson - PK : Ian Cole, Torey Krug
Penalty Shots
Matt Duchene, Pavel Buchnevich, Ivan Barbashev, William Karlsson, Ross Colton

Scratches
Matt Grzelcyk (Healthy)

PITTSBURGH Penguins

5 vs 5 Forward 
   Center                   Left Wing                Right Wing               Time % Phy DF OF 
 1 Evgeni Malkin            Jason Robertson          Jordan Kyrou             34     1   1  3  
 2 Jordan Staal             Jake Guentzel            Patrik Laine             30     1   1  3  
 3 Barclay Goodrow          Tanner Pearson           Jesse Puljujarvi         24     1   1  3  
 4 Gabriel Vilardi          Alexander Volkov         Yakov Trenin             12     1   3  1  

5 vs 5 Defense 
   Defense                  Defense                                           Time % Phy DF OF 
 1 Thomas Chabot            Brandon Carlo                                     38     1   1  3  
 2 Connor Clifton           Adam Pelech                                       36     1   3  1  
 3 Nate Schmidt             Robert Bortuzzo                                   26     1   4  0  
 4 Thomas Chabot            Adam Pelech                                       0      1   4  0  

PowerPlay Forward 
   Center                   Left Wing                Right Wing               Time % Phy DF OF 
 1 Evgeni Malkin            Jason Robertson          Jake Guentzel            65     0   0  5  
 2 Barclay Goodrow          Jordan Kyrou             Tanner Pearson           35     0   1  4  

PowerPlay Defense
   Defense                  Defense                                           Time % Phy DF OF 
 1 Patrik Laine             Thomas Chabot                                     65     0   0  5  
 2 Adam Pelech              Nate Schmidt                                      35     0   1  4  

Penalty Kill 4 Players Forward 
   Center                   Wing                     Time % Phy DF OF 
 1 Evgeni Malkin            Jason Robertson          60     1   4  0  
 2 Barclay Goodrow          Jake Guentzel            40     0   5  0  

Penalty Kill 4 Players Defense
   Defense                  Defense                  Time % Phy DF OF 
 1 Nate Schmidt             Thomas Chabot            60     1   4  0  
 2 Brandon Carlo            Adam Pelech              40     1   4  0  

Penalty Kill - 3 Players Forward 
   Forward                                           Time % Phy DF OF 
 1 Jason Robertson                                   50     0   5  0  
 2 Barclay Goodrow                                   50     0   5  0  

Penalty Kill - 3 Players Defense
   Defense                  Defense                  Time % Phy DF OF 
 1 Thomas Chabot            Nate Schmidt             70     1   4  0  
 2 Brandon Carlo            Adam Pelech              30     1   4  0  

4 vs 4 Forward 
   Center                   Wing                     Time % Phy DF OF 
 1 Patrik Laine             Jason Robertson          60     0   2  3  
 2 Evgeni Malkin            Jake Guentzel            40     0   2  3  

4 vs 4 Defense
   Defense                  Defense                  Time % Phy DF OF 
 1 Thomas Chabot            Adam Pelech              58     1   2  2  
 2 Nate Schmidt             Connor Clifton           42     1   2  2  

Last Minutes Offensive
   Center                   Left Wing                Right Wing               Defense                  Defense                  
   Jordan Kyrou             Evgeni Malkin            Jason Robertson          Nate Schmidt             Thomas Chabot            

Last Minutes Defensive
   Center                   Left Wing                Right Wing               Defense                  Defense                  
   Jordan Kyrou             Barclay Goodrow          Yakov Trenin             Adam Pelech              Brandon Carlo            

Goaltenders
Starting : Cam Talbot               
Backup : Elvis Merzlikins         

Extra Forwards
Normal : Patrik Laine, Evgeni Malkin, Barclay Goodrow - PP : Patrik Laine, Evgeni Malkin - PK : Patrik Laine
Extra Defensemen
Normal : Nate Schmidt, Adam Pelech, Thomas Chabot - PP : Nate Schmidt - PK : Nate Schmidt, Adam Pelech
Penalty Shots
Jason Robertson, Evgeni Malkin, Jake Guentzel, Barclay Goodrow, Patrik Laine

Scratches
None


% Time on Ice - WASHINGTON Capitals

Lines # - Real PCT - Wanted PCT - Time Play
Normal Forward
1 - 37% - 40% - 15:56
2 - 29% - 30% - 12:26
3 - 20% - 20% - 8:27
4 - 14% - 10% - 5:54
Normal Defense
1 - 40% - 40% - 17:13
2 - 33% - 30% - 14:09
3 - 27% - 20% - 11:21
4 - 0% - 10% - 0:00
PP Forward
1 - 57% - 60% - 4:34
2 - 43% - 40% - 3:26
PP Defense
1 - 62% - 70% - 4:56
2 - 38% - 30% - 3:04
PK Forward
1 - 82% - 60% - 6:37
2 - 18% - 40% - 1:25
PK Defense
1 - 50% - 60% - 4:03
2 - 50% - 40% - 3:59
PK3 Forward
1 - 0% - 60%
2 - 0% - 40%
PK3 Defense
1 - 0% - 60%
2 - 0% - 40%
44 Forward
1 - 52% - 60% - 0:39
2 - 48% - 40% - 0:36
44 Defense
1 - 48% - 60% - 0:36
2 - 52% - 40% - 0:39
Last Minute Offensive  - 0:00
Last Minute Defensive  - 0:00
Total
Forward - 60:00
Defense - 60:00

% Time on Ice - PITTSBURGH Penguins

Lines # - Real PCT - Wanted PCT - Time Play
Normal Forward
1 - 33% - 34% - 14:00
2 - 27% - 30% - 11:32
3 - 23% - 24% - 9:42
4 - 18% - 12% - 7:29
Normal Defense
1 - 37% - 38% - 15:42
2 - 35% - 36% - 15:01
3 - 28% - 26% - 12:00
4 - 0% - 0% - 0:00
PP Forward
1 - 47% - 65% - 3:46
2 - 53% - 35% - 4:16
PP Defense
1 - 49% - 65% - 3:56
2 - 51% - 35% - 4:06
PK Forward
1 - 72% - 60% - 5:47
2 - 28% - 40% - 2:13
PK Defense
1 - 40% - 60% - 3:11
2 - 60% - 40% - 4:49
PK3 Forward
1 - 0% - 50%
2 - 0% - 50%
PK3 Defense
1 - 0% - 70%
2 - 0% - 30%
44 Forward
1 - 85% - 60% - 1:04
2 - 15% - 40% - 0:11
44 Defense
1 - 84% - 58% - 1:03
2 - 16% - 42% - 0:12
Last Minute Offensive  - 0:00
Last Minute Defensive  - 0:00
Total
Forward - 60:00
Defense - 60:00

Play-by-Play

1st period


0:01 of 1st period - William Karlsson wins face-off versus Jordan Kyrou in neutral zone.
0:03 of 1st period - Matt Duchene is hit by Evgeni Malkin and loses puck.
0:17 of 1st period - Double Minor Penalty to Brandon Carlo for High sticking.
0:18 of 1st period - Evgeni Malkin wins face-off versus Ryan Strome in PITTSBURGH Penguins zone.
0:49 of 1st period - Shot by John Carlson.
0:49 of 1st period - Stopped by Cam Talbot without a rebound.
0:50 of 1st period - Barclay Goodrow wins face-off versus William Karlsson in PITTSBURGH Penguins zone.
1:05 of 1st period - Shot by Torey Krug.
1:05 of 1st period - Stopped by Cam Talbot without a rebound.
1:06 of 1st period - Evgeni Malkin wins face-off versus William Karlsson in PITTSBURGH Penguins zone.
1:26 of 1st period - Shot by Brock Boeser.
1:26 of 1st period - Shot Blocked by Adam Pelech.
1:28 of 1st period - Shot by Mario Ferraro.
1:28 of 1st period - Stopped by Cam Talbot without a rebound.
1:29 of 1st period - Matt Duchene wins face-off versus Evgeni Malkin in PITTSBURGH Penguins zone.
1:30 of 1st period - Shot by John Carlson.
1:30 of 1st period - Stopped by Cam Talbot with a rebound.
1:40 of 1st period - Shot by Kevin Shattenkirk.
1:40 of 1st period - Stopped by Cam Talbot without a rebound.
1:41 of 1st period - William Karlsson wins face-off versus Barclay Goodrow in PITTSBURGH Penguins zone.
2:04 of 1st period - Shot by John Carlson.
2:04 of 1st period - Stopped by Cam Talbot without a rebound.
2:05 of 1st period - Jason Robertson wins face-off versus Matt Duchene in PITTSBURGH Penguins zone.
2:28 of 1st period - Shot by Matt Duchene.
2:28 of 1st period - Shot Hit the Post.
3:01 of 1st period - Off-side.
3:02 of 1st period - William Karlsson wins face-off versus Evgeni Malkin in neutral zone.
4:01 of 1st period - Mario Ferraro is hit by Jake Guentzel and loses puck.
5:26 of 1st period - Jason Dickinson is hit by Adam Pelech and loses puck.
6:18 of 1st period - Off-side.
6:19 of 1st period - Casey Mittelstadt wins face-off versus Evgeni Malkin in neutral zone.
6:22 of 1st period - Shot by Ivan Barbashev.
6:22 of 1st period - Stopped by Cam Talbot without a rebound.
6:23 of 1st period - William Karlsson wins face-off versus Jordan Kyrou in PITTSBURGH Penguins zone.
6:28 of 1st period - Shot by William Karlsson.
6:28 of 1st period - Shot Misses the Net.
6:36 of 1st period - John Carlson is hit by Evgeni Malkin.
6:46 of 1st period - Shot by Pavel Buchnevich.
6:46 of 1st period - Stopped by Cam Talbot without a rebound.
6:47 of 1st period - Jordan Staal wins face-off versus Casey Mittelstadt in PITTSBURGH Penguins zone.
6:47 of 1st period - Jordan Staal is hit by Ivan Barbashev.
7:42 of 1st period - Shot by Pavel Buchnevich.
7:42 of 1st period - Shot Blocked by Robert Bortuzzo.
7:55 of 1st period - Icing by Jordan Staal.
7:56 of 1st period - Christian Dvorak wins face-off versus Jordan Staal in PITTSBURGH Penguins zone.
8:05 of 1st period - Shot by Ian Cole.
8:05 of 1st period - Stopped by Cam Talbot with a rebound.
8:07 of 1st period - Shot by Christian Dvorak.
8:07 of 1st period - Shot Misses the Net.
8:09 of 1st period - Shot by Christian Dvorak.
8:09 of 1st period - Deflect By Ryan Strome.
8:09 of 1st period - Shot Blocked by Nate Schmidt.
8:17 of 1st period - Shot by Ian Cole.
8:17 of 1st period - Shot Blocked by Nate Schmidt.
8:19 of 1st period - Shot by Ian Cole.
8:19 of 1st period - Stopped by Cam Talbot with a rebound.
8:21 of 1st period - Shot by Ian Cole.
8:21 of 1st period - Stopped by Cam Talbot with a rebound.
8:23 of 1st period - Shot by Ryan Strome.
8:23 of 1st period - Shot Blocked by Nate Schmidt.
8:29 of 1st period - Shot by Ryan Strome.
8:29 of 1st period - Shot Misses the Net.
9:28 of 1st period - William Karlsson is hit by Evgeni Malkin and loses puck.
9:40 of 1st period - Minor Penalty to Brandon Carlo for Hooking.
9:41 of 1st period - Evgeni Malkin wins face-off versus William Karlsson in PITTSBURGH Penguins zone.
9:41 of 1st period - Evgeni Malkin is hit by Brock Boeser.
9:55 of 1st period - Shot by Kevin Shattenkirk.
9:55 of 1st period - Shot Misses the Net.
9:57 of 1st period - Shot by John Carlson.
9:57 of 1st period - Stopped by Cam Talbot with a rebound.
9:59 of 1st period - Shot by John Carlson.
9:59 of 1st period - Stopped by Cam Talbot with a rebound.
10:24 of 1st period - Minor Penalty to Ivan Barbashev for Cross-checking.
10:25 of 1st period - Patrik Laine wins face-off versus William Karlsson in WASHINGTON Capitals zone.
10:31 of 1st period - Icing by Mario Ferraro.
10:32 of 1st period - Patrik Laine wins face-off versus William Karlsson in WASHINGTON Capitals zone.
10:51 of 1st period - Shot by Pavel Buchnevich.
10:51 of 1st period - Stopped by Cam Talbot without a rebound.
10:52 of 1st period - Matt Duchene wins face-off versus Barclay Goodrow in PITTSBURGH Penguins zone.
11:09 of 1st period - Shot by Matt Duchene.
11:09 of 1st period - Shot Misses the Net.
11:11 of 1st period - Shot by Matt Duchene.
11:11 of 1st period - Shot Misses the Net.
11:27 of 1st period - Shot by Matt Duchene.
11:27 of 1st period - Stopped by Cam Talbot without a rebound.
11:28 of 1st period - Evgeni Malkin wins face-off versus William Karlsson in PITTSBURGH Penguins zone.
11:28 of 1st period - Evgeni Malkin is hit by Pavel Buchnevich.
11:38 of 1st period - Shot by Evgeni Malkin.
11:38 of 1st period - Stopped by Scott Wedgewood without a rebound.
11:39 of 1st period - William Karlsson wins face-off versus Patrik Laine in WASHINGTON Capitals zone.
12:12 of 1st period - Shot by Patrik Laine.
12:12 of 1st period - Shot Blocked by Ian Cole.
12:38 of 1st period - Mario Ferraro is hit by Alexander Volkov and loses puck.
12:55 of 1st period - Shot by Ivan Barbashev.
12:55 of 1st period - Shot Misses the Net.
12:57 of 1st period - Shot by Casey Mittelstadt.
12:57 of 1st period - Goal by Casey Mittelstadt - WASHINGTON Capitals : 1 - PITTSBURGH Penguins : 0.
12:58 of 1st period - Evgeni Malkin wins face-off versus Barrett Hayton in neutral zone.
13:10 of 1st period - Icing by Ian Cole.
13:11 of 1st period - Jordan Staal wins face-off versus Barrett Hayton in WASHINGTON Capitals zone.
13:47 of 1st period - Icing by Patrik Laine.
13:48 of 1st period - Jordan Staal wins face-off versus William Karlsson in PITTSBURGH Penguins zone.
14:03 of 1st period - Shot by Jake Guentzel.
14:03 of 1st period - Shot Misses the Net.
14:21 of 1st period - Shot by Matt Duchene.
14:21 of 1st period - Stopped by Cam Talbot without a rebound.
14:22 of 1st period - Barclay Goodrow wins face-off versus Casey Mittelstadt in PITTSBURGH Penguins zone.
14:22 of 1st period - Barclay Goodrow is hit by Ivan Barbashev.
14:33 of 1st period - Tanner Pearson is hit by Carson Soucy and loses puck.
14:45 of 1st period - Minor Penalty to Carson Soucy for Slashing.
14:46 of 1st period - Evgeni Malkin wins face-off versus William Karlsson in WASHINGTON Capitals zone.
14:46 of 1st period - Adam Pelech is hit by Ian Cole and loses puck.
14:55 of 1st period - Shot by Jason Robertson.
14:55 of 1st period - Deflect By Jake Guentzel.
14:55 of 1st period - Shot Misses the Net.
14:57 of 1st period - Shot by Jake Guentzel.
14:57 of 1st period - Stopped by Scott Wedgewood with a rebound.
14:59 of 1st period - Shot by Nate Schmidt.
14:59 of 1st period - Shot Blocked by Ian Cole.
15:01 of 1st period - Shot by Jake Guentzel.
15:01 of 1st period - Shot Misses the Net.
15:17 of 1st period - Shot by Jake Guentzel.
15:17 of 1st period - Stopped by Scott Wedgewood without a rebound.
15:18 of 1st period - Jason Dickinson wins face-off versus Barclay Goodrow in WASHINGTON Capitals zone.
16:17 of 1st period - Shot by Jason Robertson.
16:17 of 1st period - Shot Misses the Net.
16:19 of 1st period - Shot by Evgeni Malkin.
16:19 of 1st period - Shot Misses the Net.
16:29 of 1st period - Shot by Jake Guentzel.
16:29 of 1st period - Stopped by Scott Wedgewood without a rebound.
16:30 of 1st period - Evgeni Malkin wins face-off versus Jason Dickinson in WASHINGTON Capitals zone.
16:33 of 1st period - Shot by Jason Robertson.
16:33 of 1st period - Stopped by Scott Wedgewood without a rebound.
16:34 of 1st period - Evgeni Malkin wins face-off versus Jason Dickinson in WASHINGTON Capitals zone.
16:34 of 1st period - Evgeni Malkin is hit by Ian Cole.
16:46 of 1st period - Shot by Jason Robertson.
16:46 of 1st period - Stopped by Scott Wedgewood without a rebound.
16:47 of 1st period - Barclay Goodrow wins face-off versus Christian Dvorak in WASHINGTON Capitals zone.
17:13 of 1st period - Icing by Brandon Carlo.
17:14 of 1st period - William Karlsson wins face-off versus Barclay Goodrow in PITTSBURGH Penguins zone.
17:14 of 1st period - William Karlsson is hit by Brandon Carlo.
17:29 of 1st period - Pavel Buchnevich is hit by Brandon Carlo.
17:36 of 1st period - Minor Penalty to Thomas Chabot for Tripping.
17:37 of 1st period - Matt Duchene wins face-off versus Evgeni Malkin in PITTSBURGH Penguins zone.
17:52 of 1st period - Shot by Ryan Strome.
17:52 of 1st period - Shot Misses the Net.
17:54 of 1st period - Shot by John Carlson.
17:54 of 1st period - Goal by John Carlson - WASHINGTON Capitals : 2 - PITTSBURGH Penguins : 0.
17:55 of 1st period - Barrett Hayton wins face-off versus Jordan Staal in neutral zone.
18:27 of 1st period - Shot by Patrik Laine.
18:27 of 1st period - Stopped by Scott Wedgewood without a rebound.
18:28 of 1st period - William Karlsson wins face-off versus Evgeni Malkin in WASHINGTON Capitals zone.
18:28 of 1st period - William Karlsson is hit by Jordan Kyrou.
18:44 of 1st period - Shot by Pavel Buchnevich.
18:44 of 1st period - Deflect By William Karlsson.
18:44 of 1st period - Shot Misses the Net.
18:46 of 1st period - Shot by Pavel Buchnevich.
18:46 of 1st period - Stopped by Cam Talbot without a rebound.
18:47 of 1st period - Barclay Goodrow wins face-off versus Casey Mittelstadt in PITTSBURGH Penguins zone.
19:11 of 1st period - Shot by Ivan Barbashev.
19:11 of 1st period - Stopped by Cam Talbot without a rebound.
19:12 of 1st period - Evgeni Malkin wins face-off versus William Karlsson in PITTSBURGH Penguins zone.
19:17 of 1st period - Shot by Pavel Buchnevich.
19:17 of 1st period - Goal by Pavel Buchnevich - WASHINGTON Capitals : 3 - PITTSBURGH Penguins : 0.
19:18 of 1st period - Evgeni Malkin wins face-off versus William Karlsson in neutral zone.
19:31 of 1st period - Shot by Jason Robertson.
19:31 of 1st period - Shot Misses the Net.
19:33 of 1st period - Shot by Evgeni Malkin.
19:33 of 1st period - Shot Misses the Net.
19:41 of 1st period - Shot by Jordan Kyrou.
19:41 of 1st period - Shot Misses the Net.
Goals for this period are 3 for WASHINGTON Capitals vs 0 for PITTSBURGH Penguins.
Shots for this period are 21 for WASHINGTON Capitals vs 7 for PITTSBURGH Penguins.

2nd period


0:01 of 2nd period - William Karlsson wins face-off versus Evgeni Malkin in neutral zone.
0:07 of 2nd period - William Karlsson is hit by Brandon Carlo and loses puck.
0:14 of 2nd period - Shot by Matt Duchene.
0:14 of 2nd period - Stopped by Cam Talbot with a rebound.
0:22 of 2nd period - Shot by Jason Robertson.
0:22 of 2nd period - Shot Misses the Net.
1:10 of 2nd period - Ivan Barbashev is hit by Evgeni Malkin and loses puck.
1:27 of 2nd period - Icing by Brock Boeser.
1:28 of 2nd period - Barclay Goodrow wins face-off versus Casey Mittelstadt in WASHINGTON Capitals zone.
1:35 of 2nd period - Connor Clifton is hit by Ivan Barbashev.
1:54 of 2nd period - Icing by Connor Clifton.
1:55 of 2nd period - Christian Dvorak wins face-off versus Barclay Goodrow in PITTSBURGH Penguins zone.
2:12 of 2nd period - Shot by Carson Soucy.
2:12 of 2nd period - Stopped by Cam Talbot without a rebound.
2:13 of 2nd period - William Karlsson wins face-off versus Jordan Staal in PITTSBURGH Penguins zone.
2:14 of 2nd period - Shot by Pavel Buchnevich.
2:14 of 2nd period - Shot Misses the Net.
2:55 of 2nd period - Shot by Robert Bortuzzo.
2:55 of 2nd period - Stopped by Scott Wedgewood with a rebound.
2:57 of 2nd period - Shot by Nate Schmidt.
2:57 of 2nd period - Shot Blocked by Kevin Shattenkirk.
3:04 of 2nd period - Icing by John Carlson.
3:05 of 2nd period - Barclay Goodrow wins face-off versus Pavel Buchnevich in WASHINGTON Capitals zone.
3:12 of 2nd period - Shot by Jesse Puljujarvi.
3:12 of 2nd period - Deflect By Barclay Goodrow.
3:12 of 2nd period - Stopped by Scott Wedgewood without a rebound.
3:13 of 2nd period - Evgeni Malkin wins face-off versus Ivan Barbashev in WASHINGTON Capitals zone.
3:13 of 2nd period - Evgeni Malkin is hit by Ian Cole.
3:18 of 2nd period - Jason Robertson is hit by Ian Cole and loses puck.
3:21 of 2nd period - Shot by Jordan Kyrou.
3:21 of 2nd period - Goal by Jordan Kyrou - WASHINGTON Capitals : 3 - PITTSBURGH Penguins : 1.
3:22 of 2nd period - Evgeni Malkin wins face-off versus Casey Mittelstadt in neutral zone.
3:34 of 2nd period - Minor Penalty to Evgeni Malkin for Hooking.
3:35 of 2nd period - Patrik Laine wins face-off versus Matt Duchene in PITTSBURGH Penguins zone.
4:19 of 2nd period - Icing by Ivan Barbashev.
4:20 of 2nd period - Matt Duchene wins face-off versus Patrik Laine in WASHINGTON Capitals zone.
6:07 of 2nd period - Shot by Jordan Staal.
6:07 of 2nd period - Stopped by Scott Wedgewood without a rebound.
6:08 of 2nd period - Christian Dvorak wins face-off versus Gabriel Vilardi in WASHINGTON Capitals zone.
6:12 of 2nd period - Icing by Ryan Strome.
6:13 of 2nd period - Christian Dvorak wins face-off versus Gabriel Vilardi in WASHINGTON Capitals zone.
6:48 of 2nd period - Alexander Volkov is hit by Jason Dickinson.
7:30 of 2nd period - Shot by Pavel Buchnevich.
7:30 of 2nd period - Stopped by Cam Talbot without a rebound.
7:31 of 2nd period - Casey Mittelstadt wins face-off versus Barclay Goodrow in PITTSBURGH Penguins zone.
7:35 of 2nd period - Icing by Connor Clifton.
7:36 of 2nd period - Barclay Goodrow wins face-off versus Casey Mittelstadt in PITTSBURGH Penguins zone.
8:55 of 2nd period - Shot by William Karlsson.
8:55 of 2nd period - Deflect By Pavel Buchnevich.
8:55 of 2nd period - Shot Misses the Net.
9:30 of 2nd period - Shot by Jordan Staal.
9:30 of 2nd period - Stopped by Scott Wedgewood without a rebound.
9:31 of 2nd period - Gabriel Vilardi wins face-off versus Ryan Strome in WASHINGTON Capitals zone.
9:47 of 2nd period - Ryan Strome is hit by Yakov Trenin and loses puck.
9:51 of 2nd period - Mario Ferraro is hit by Brandon Carlo and loses puck.
9:59 of 2nd period - Ryan Strome is hit by Brandon Carlo and loses puck.
10:05 of 2nd period - Jason Dickinson is hit by Brandon Carlo.
10:26 of 2nd period - Icing by Gabriel Vilardi.
10:27 of 2nd period - Gabriel Vilardi wins face-off versus Casey Mittelstadt in PITTSBURGH Penguins zone.
11:08 of 2nd period - Shot by Ivan Barbashev.
11:08 of 2nd period - Stopped by Cam Talbot without a rebound.
11:09 of 2nd period - Jordan Staal wins face-off versus William Karlsson in PITTSBURGH Penguins zone.
11:20 of 2nd period - William Karlsson is hit by Robert Bortuzzo and loses puck.
11:26 of 2nd period - Matt Duchene is hit by Robert Bortuzzo and loses puck.
11:34 of 2nd period - William Karlsson is hit by Robert Bortuzzo and loses puck.
11:48 of 2nd period - Pavel Buchnevich is hit by Robert Bortuzzo and loses puck.
11:51 of 2nd period - Shot by William Karlsson.
11:51 of 2nd period - Stopped by Cam Talbot without a rebound.
11:52 of 2nd period - Evgeni Malkin wins face-off versus Christian Dvorak in PITTSBURGH Penguins zone.
11:54 of 2nd period - Icing by Connor Clifton.
11:55 of 2nd period - Casey Mittelstadt wins face-off versus Evgeni Malkin in PITTSBURGH Penguins zone.
12:02 of 2nd period - Shot by Torey Krug.
12:02 of 2nd period - Stopped by Cam Talbot without a rebound.
12:03 of 2nd period - Evgeni Malkin wins face-off versus Casey Mittelstadt in PITTSBURGH Penguins zone.
12:03 of 2nd period - Evgeni Malkin is hit by Brock Boeser.
12:16 of 2nd period - Shot by Jordan Kyrou.
12:16 of 2nd period - Stopped by Scott Wedgewood without a rebound.
12:17 of 2nd period - Barclay Goodrow wins face-off versus William Karlsson in WASHINGTON Capitals zone.
12:25 of 2nd period - Minor Penalty to Kevin Shattenkirk for Roughing.
12:26 of 2nd period - Evgeni Malkin wins face-off versus William Karlsson in WASHINGTON Capitals zone.
12:43 of 2nd period - Shot by Jason Robertson.
12:43 of 2nd period - Shot Misses the Net.
12:45 of 2nd period - Shot by Jason Robertson.
12:45 of 2nd period - Goal by Jason Robertson - WASHINGTON Capitals : 3 - PITTSBURGH Penguins : 2.
12:46 of 2nd period - Christian Dvorak wins face-off versus Barclay Goodrow in neutral zone.
13:09 of 2nd period - Minor Penalty to Adam Pelech for Cross-checking.
13:10 of 2nd period - William Karlsson wins face-off versus Evgeni Malkin in PITTSBURGH Penguins zone.
13:15 of 2nd period - Shot by Torey Krug.
13:15 of 2nd period - Shot Misses the Net.
13:17 of 2nd period - Shot by Brock Boeser.
13:17 of 2nd period - Goal by Brock Boeser - WASHINGTON Capitals : 4 - PITTSBURGH Penguins : 2.
13:18 of 2nd period - Evgeni Malkin wins face-off versus William Karlsson in neutral zone.
14:51 of 2nd period - Casey Mittelstadt is hit by Thomas Chabot and loses puck.
15:15 of 2nd period - Minor Penalty to Carson Soucy for Hooking.
15:16 of 2nd period - William Karlsson wins face-off versus Barclay Goodrow in WASHINGTON Capitals zone.
15:22 of 2nd period - Icing by Barclay Goodrow.
15:23 of 2nd period - William Karlsson wins face-off versus Barclay Goodrow in PITTSBURGH Penguins zone.
15:26 of 2nd period - Shot by Ivan Barbashev.
15:26 of 2nd period - Shot Misses the Net.
15:29 of 2nd period - Icing by Adam Pelech.
15:30 of 2nd period - William Karlsson wins face-off versus Barclay Goodrow in PITTSBURGH Penguins zone.
15:43 of 2nd period - Shot by Nate Schmidt.
15:43 of 2nd period - Stopped by Scott Wedgewood without a rebound.
15:44 of 2nd period - William Karlsson wins face-off versus Barclay Goodrow in WASHINGTON Capitals zone.
16:14 of 2nd period - Shot by Barclay Goodrow.
16:14 of 2nd period - Stopped by Scott Wedgewood with a rebound.
16:16 of 2nd period - Shot by Adam Pelech.
16:16 of 2nd period - Goal by Adam Pelech - WASHINGTON Capitals : 4 - PITTSBURGH Penguins : 3.
16:17 of 2nd period - Gabriel Vilardi wins face-off versus Barrett Hayton in neutral zone.
16:55 of 2nd period - Shot by Ross Colton.
16:55 of 2nd period - Deflect By Barrett Hayton.
16:55 of 2nd period - Stopped by Cam Talbot without a rebound.
16:56 of 2nd period - Jordan Staal wins face-off versus William Karlsson in PITTSBURGH Penguins zone.
17:09 of 2nd period - Icing by John Carlson.
17:10 of 2nd period - Barclay Goodrow wins face-off versus William Karlsson in WASHINGTON Capitals zone.
17:15 of 2nd period - Shot by Jesse Puljujarvi.
17:15 of 2nd period - Shot Misses the Net.
17:37 of 2nd period - Shot by Matt Duchene.
17:37 of 2nd period - Shot Blocked by Robert Bortuzzo.
17:41 of 2nd period - Shot by Matt Duchene.
17:41 of 2nd period - Goal by Matt Duchene - WASHINGTON Capitals : 5 - PITTSBURGH Penguins : 3.
17:42 of 2nd period - Casey Mittelstadt wins face-off versus Jordan Staal in neutral zone.
17:45 of 2nd period - Jordan Staal is hit by Casey Mittelstadt and loses puck.
17:53 of 2nd period - Icing by Brandon Carlo.
17:54 of 2nd period - Jordan Staal wins face-off versus Christian Dvorak in PITTSBURGH Penguins zone.
18:01 of 2nd period - Shot by Jake Guentzel.
18:01 of 2nd period - Stopped by Scott Wedgewood without a rebound.
18:02 of 2nd period - William Karlsson wins face-off versus Evgeni Malkin in WASHINGTON Capitals zone.
18:27 of 2nd period - Shot by Matt Duchene.
18:27 of 2nd period - Shot Blocked by Connor Clifton.
18:29 of 2nd period - Shot by Pavel Buchnevich.
18:29 of 2nd period - Goal by Pavel Buchnevich - WASHINGTON Capitals : 6 - PITTSBURGH Penguins : 3.
18:29 of 2nd period - Elvis Merzlikins enters game.
18:30 of 2nd period - Casey Mittelstadt wins face-off versus Jake Guentzel in neutral zone.
18:57 of 2nd period - Shot by Ivan Barbashev.
18:57 of 2nd period - Stopped by Elvis Merzlikins without a rebound.
18:58 of 2nd period - William Karlsson wins face-off versus Barclay Goodrow in PITTSBURGH Penguins zone.
19:01 of 2nd period - Shot by Matt Duchene.
19:01 of 2nd period - Deflect By Pavel Buchnevich.
19:01 of 2nd period - Shot Blocked by Connor Clifton.
19:12 of 2nd period - Tanner Pearson is hit by William Karlsson and loses puck.
19:19 of 2nd period - Shot by Matt Duchene.
19:19 of 2nd period - Stopped by Elvis Merzlikins with a rebound.
19:59 of 2nd period - Off-side.
Goals for this period are 3 for WASHINGTON Capitals vs 3 for PITTSBURGH Penguins.
Shots for this period are 12 for WASHINGTON Capitals vs 11 for PITTSBURGH Penguins.

3rd period


0:01 of 3rd period - William Karlsson wins face-off versus Evgeni Malkin in neutral zone.
0:11 of 3rd period - Brandon Carlo is hit by Pavel Buchnevich and loses puck.
1:15 of 3rd period - Shot by Jake Guentzel.
1:15 of 3rd period - Shot Misses the Net.
1:17 of 3rd period - Shot by Jordan Staal.
1:17 of 3rd period - Shot Misses the Net.
1:19 of 3rd period - Shot by Adam Pelech.
1:19 of 3rd period - Shot Misses the Net.
1:55 of 3rd period - Barclay Goodrow is hit by Ivan Barbashev and loses puck.
2:20 of 3rd period - Jesse Puljujarvi is hit by Brock Boeser.
4:24 of 3rd period - Yakov Trenin is hit by William Karlsson and loses puck.
5:23 of 3rd period - Shot by Ryan Strome.
5:23 of 3rd period - Shot Misses the Net.
6:13 of 3rd period - Minor Penalty to Evgeni Malkin for Roughing.
6:14 of 3rd period - Barclay Goodrow wins face-off versus Matt Duchene in PITTSBURGH Penguins zone.
6:25 of 3rd period - Shot by John Carlson.
6:25 of 3rd period - Goal by John Carlson - WASHINGTON Capitals : 7 - PITTSBURGH Penguins : 3.
6:26 of 3rd period - Barrett Hayton wins face-off versus Jesse Puljujarvi in neutral zone.
6:26 of 3rd period - Mario Ferraro is hit by Barclay Goodrow and loses puck.
6:31 of 3rd period - Barclay Goodrow is hit by Barrett Hayton and loses puck.
6:36 of 3rd period - Shot by Barrett Hayton.
6:36 of 3rd period - Shot Misses the Net.
6:38 of 3rd period - Shot by Sam Steel.
6:38 of 3rd period - Stopped by Elvis Merzlikins with a rebound.
6:40 of 3rd period - Shot by Mario Ferraro.
6:40 of 3rd period - Goal by Mario Ferraro - WASHINGTON Capitals : 8 - PITTSBURGH Penguins : 3.
6:41 of 3rd period - Casey Mittelstadt wins face-off versus Evgeni Malkin in neutral zone.
6:43 of 3rd period - Off-side.
6:44 of 3rd period - Evgeni Malkin wins face-off versus Casey Mittelstadt in neutral zone.
7:41 of 3rd period - Minor Penalty to Jordan Staal for Tripping.
7:42 of 3rd period - William Karlsson wins face-off versus Barclay Goodrow in PITTSBURGH Penguins zone.
8:21 of 3rd period - Shot by Pavel Buchnevich.
8:21 of 3rd period - Goal by Pavel Buchnevich - WASHINGTON Capitals : 9 - PITTSBURGH Penguins : 3.
8:22 of 3rd period - Barrett Hayton wins face-off versus Jordan Staal in neutral zone.
8:24 of 3rd period - Torey Krug is hit by Jordan Staal and loses puck.
8:28 of 3rd period - Ian Cole is hit by Connor Clifton and loses puck.
9:50 of 3rd period - Casey Mittelstadt is hit by Robert Bortuzzo and loses puck.
10:01 of 3rd period - Barclay Goodrow is hit by Matt Duchene and loses puck.
10:02 of 3rd period - Minor Penalty to William Karlsson for High sticking.
10:03 of 3rd period - Evgeni Malkin wins face-off versus Christian Dvorak in WASHINGTON Capitals zone.
10:03 of 3rd period - Jason Robertson is hit by Ian Cole and loses puck.
10:06 of 3rd period - Shot by Thomas Chabot.
10:06 of 3rd period - Stopped by Scott Wedgewood without a rebound.
10:07 of 3rd period - Evgeni Malkin wins face-off versus Christian Dvorak in WASHINGTON Capitals zone.
10:07 of 3rd period - Evgeni Malkin is hit by Ian Cole.
10:16 of 3rd period - Jake Guentzel is hit by Ian Cole and loses puck.
11:12 of 3rd period - Icing by Tanner Pearson.
11:13 of 3rd period - Barclay Goodrow wins face-off versus Christian Dvorak in PITTSBURGH Penguins zone.
11:22 of 3rd period - Shot by Adam Pelech.
11:22 of 3rd period - Stopped by Scott Wedgewood without a rebound.
11:23 of 3rd period - Evgeni Malkin wins face-off versus Christian Dvorak in WASHINGTON Capitals zone.
11:28 of 3rd period - Shot by Jake Guentzel.
11:28 of 3rd period - Shot Misses the Net.
11:39 of 3rd period - Jake Guentzel is hit by John Carlson and loses puck.
11:44 of 3rd period - Shot by Jason Robertson.
11:44 of 3rd period - Stopped by Scott Wedgewood without a rebound.
11:45 of 3rd period - Christian Dvorak wins face-off versus Barclay Goodrow in WASHINGTON Capitals zone.
11:58 of 3rd period - Shot by Nate Schmidt.
11:58 of 3rd period - Shot Blocked by Ivan Barbashev.
12:00 of 3rd period - Shot by Barclay Goodrow.
12:00 of 3rd period - Stopped by Scott Wedgewood without a rebound.
12:01 of 3rd period - Evgeni Malkin wins face-off versus Christian Dvorak in WASHINGTON Capitals zone.
12:02 of 3rd period - Shot by Jason Robertson.
12:02 of 3rd period - Shot Blocked by Matt Duchene.
12:10 of 3rd period - Brandon Carlo is hit by Matt Duchene and loses puck.
12:23 of 3rd period - Kevin Shattenkirk is hit by Alexander Volkov and loses puck.
12:39 of 3rd period - Shot by Gabriel Vilardi.
12:39 of 3rd period - Shot Misses the Net.
13:19 of 3rd period - Off-side.
13:20 of 3rd period - Casey Mittelstadt wins face-off versus Evgeni Malkin in neutral zone.
13:49 of 3rd period - Icing by Adam Pelech.
13:50 of 3rd period - Evgeni Malkin wins face-off versus Christian Dvorak in PITTSBURGH Penguins zone.
13:57 of 3rd period - Shot by Evgeni Malkin.
13:57 of 3rd period - Shot Misses the Net.
14:06 of 3rd period - Off-side.
14:07 of 3rd period - Jordan Staal wins face-off versus William Karlsson in neutral zone.
15:10 of 3rd period - Minor Penalty to Ivan Barbashev for Roughing.
15:11 of 3rd period - Christian Dvorak wins face-off versus Barclay Goodrow in WASHINGTON Capitals zone.
15:11 of 3rd period - Christian Dvorak is hit by Barclay Goodrow.
15:22 of 3rd period - Off-side.
15:23 of 3rd period - William Karlsson wins face-off versus Evgeni Malkin in neutral zone.
15:50 of 3rd period - Shot by Nate Schmidt.
15:50 of 3rd period - Shot Misses the Net.
15:56 of 3rd period - Jake Guentzel is hit by Barrett Hayton.
16:35 of 3rd period - Shot by Thomas Chabot.
16:35 of 3rd period - Shot Misses the Net.
16:45 of 3rd period - Shot by Tanner Pearson.
16:45 of 3rd period - Shot Misses the Net.
17:56 of 3rd period - Icing by Brandon Carlo.
17:57 of 3rd period - Gabriel Vilardi wins face-off versus William Karlsson in PITTSBURGH Penguins zone.
19:39 of 3rd period - Mario Ferraro is hit by Jason Robertson.
19:44 of 3rd period - Evgeni Malkin is hit by Carson Soucy and loses puck.
Goals for this period are 3 for WASHINGTON Capitals vs 0 for PITTSBURGH Penguins.
Shots for this period are 4 for WASHINGTON Capitals vs 4 for PITTSBURGH Penguins. Output by the SimonT Hockey Simulator (STHS) for Martin Benoit - Original Page W3C HTML5 Valid
Hockey Simulator - Hockey Simulation - Hockey Manager